 Dungeon Sprint DCSS version 0.21-a0-104-g7b58145 (webtiles) character file.

9255 Kidiri the Eclecticist (level 11, -16/69 HPs)
             Began as a Deep Elf Fire Elementalist on July 5, 2017.
             Was the Champion of Vehumet.
             Demolished by Rupert
             ... wielding a +0 great sword of holy wrath
              (41 damage)
             ... in the Dungeon (Sprint III: "The Ten Rune Challenge").
             The game lasted 00:15:19 (2701 turns).

Kidiri the Eclecticist (Deep Elf Fire Elementalist) Turns: 2701, Time: 00:15:20

Health: -16/69     AC:  3    Str:  5    XL:     11   Next: 20%
Magic:  9/32       EV: 23    Int: 24    God:    Vehumet [******]
Gold:   40         SH:  0    Dex: 17    Spells: 5/41 levels left

rFire    . . .     SeeInvis .   t - +0 dagger
rCold    . . .     Gourm    .   (no shield)
rNeg     . . .     Faith    .   a - +0 robe
rPois    .         Spirit   .   (no helmet)
rElec    .         Reflect  .   (no cloak)
rCorr    .         Harm     .   (no gloves)
MR       +....     NoTele   +   (no boots)
Stlth    ++........             (no amulet)
HPRegen  0.21/turn              (no ring)
MPRegen  0.23/turn              (no ring)

@: no status effects
A: talons 1, rugged brown scales 1, agile 1
a: Renounce Religion


You were in the Dungeon.
You worshipped Vehumet.
Vehumet was exalted by your worship.
You were full.

You visited 1 branch You collected 40 gold pieces.

Inventory:

Hand Weapons
 t - a +0 dagger (weapon)
Armour
 a - a +0 robe (worn)
Wands
 j - a wand of iceblast (9/15)
Scrolls
 i - a scroll of blinking
 k - a scroll of holy word {unknown}
 l - a scroll of magic mapping {unknown}
 m - 4 scrolls of remove curse
 o - a scroll of torment {unknown}
 p - a scroll of identify {unknown}
Potions
 d - 3 potions of curing
 e - a potion of heal wounds
 f - a potion of haste
 g - 2 potions of magic
 h - a potion of berserk rage
 n - a potion of flight {unknown}
 q - a potion of degeneration {unknown}
 r - 4 potions of mutation
Comestibles
 b - 20 royal jellies
 c - 3 bread rations
 s - 5 chunks of flesh


   Skills:
 + Level 7.6 Fighting
 + Level 7.4 Short Blades
 + Level 7.5 Armour
 * Level 14.5 Dodging
 - Level 2.4 Stealth
 * Level 15.9 Spellcasting
 + Level 9.9 Conjurations
 + Level 10.3 Fire Magic
 + Level 4.0 Ice Magic
 + Level 6.6 Air Magic
 + Level 6.3 Poison Magic


You had 5 spell levels left.
You knew the following spells:

 Your Spells              Type           Power        Failure   Level  Hunger
a - Flame Tongue          Conj/Fire      #####        1%          1    None
b - Throw Flame           Conj/Fire      ######       1%          2    None
c - Conjure Flame         Conj/Fire      ######..     1%          3    None
d - Inner Flame           Hex/Fire       #####...     1%          3    None
e - Ignite Poison         Fire/Tmut/Pois #####...     1%          3    None
f - Sticky Flame          Conj/Fire      ######..     1%          4    None
g - Fireball              Conj/Fire      ######....   1%          5    #......
h - Bolt of Cold          Conj/Ice       ######....   7%          6    ####...
i - Shock                 Conj/Air       ####         1%          1    None
j - Airstrike             Air            ######....   1%          4    None
k - Sting                 Conj/Pois      ####         1%          1    None
l - Mephitic Cloud        Conj/Pois/Air  ######..     1%          3    None


Dungeon Overview and Level Annotations

Branches:
Dungeon (1/1)

Altars:
Cheibriados
Dithmenos
Elyvilon
Fedhas
Gozag
Hepliaklqana
Kikubaaqudgha
Makhleb
Nemelex Xobeh
Okawaru
Qazlal
Ru
Sif Muna
Trog
Uskayaw
Vehumet
Wu Jian
Xom
Yredelemnul
Zin
The Shining One
Beogh
Jiyva
Lugonu

Annotations:
D exclusion: 4 doors, Rupert


Innate Abilities, Weirdness & Mutations

You have sharp toenails.
You are partially covered in rugged brown scales. (AC +1, +3% HP)
You are agile. (Dex +2)


Message History

Unknown command.
Casting: Fireball
Confirm with . or Enter, or press ? or * to list all spells.
Aiming: Sticky Flame
Press: ? - help, Shift-Dir - straight line, f/p - Rupert
Aim: Rupert, wielding a great sword of holy wrath and wearing a chain mail (severely wounded, berserk, fast, unusually strong)
The sticky flame hits Rupert.
Rupert appears unharmed.
Rupert is severely wounded.
Rupert is covered in liquid flames!
Rupert burns!
Rupert hits you with a great sword of holy wrath!!
Unknown command.
Rupert burns!
Rupert completely misses you.
Some of the chunks of flesh in your inventory have rotted away.
Rupert burns!
Rupert burns!
Rupert stops burning.
Rupert hits you with a great sword of holy wrath!
There is an open door here.
Rupert hits you with a great sword of holy wrath!!!
Ouch! That really hurt!
You die...

##..###...E#.⌠.#__#...#+#########
#...##.....#...#__#...#..≈≈§'.#.'
....#......#+###__#...#.#)§≈#.#.#
..##.#.....#.:.#__#...'.#.§.#.#.#
..#####....#___#__+...#.#..§#...#
▓▓▓▓▓▓▓▓▓▓▓▓▓▓▓▓▓▓▓▓▓▓▓▓▓▓▓▓▓▓▓▓▓
≈≈≈≈§≈≈≈♣♣.....♣♣♣♣≈≈≈........≈≈≈
≈§§≈§≈≈≈♣♣.≈≈≈≈@♣♣'♣≈≈≈≈≈≈≈≈≈≈≈≈♣
≈≈§§§.≈≈≈÷.....#@≈♣♣♣♣♣♣♣♣♣♣♣♣♣♣♣
≈≈≈≈§≈≈≈♣♣♣♣♣♣♣#..♣♣ .≈§≈≈§§.♣
###+♣♣♣♣♣ ##'###### ♣♣♣♣.##..##
.......... ♣...##%##.# ##########
♣♣%##÷##(##+ ♣..#.##...#
♣♣.##.##).# ♣♣.##.#####


You could see Rupert (berserk).

Vanquished Creatures
  Erica (D)
  A centaur warrior (D)
  Urug (D)
  An unseen horror (D)
  A lindwurm (D)
  A deep elf mage (D)
  2 spiny frogs (D)
  A rime drake (D)
  A komodo dragon (D)
  3 wandering mushrooms (D)
  A queen bee (D)
  2 tyrant leeches (D)
  5 blink frogs (D)
  A shadow (D)
  3 redbacks (D)
  A spatial vortex (D)
  A swamp drake (D)
  A necrophage (D)
  2 centaurs (D)
  A water elemental (D)
  32 killer bees (D)
  A jelly (D)
  A wizard (D)
  Jessica (D)
  A necromancer (D)
  3 humans (D)
  A kobold demonologist (D)
  A wolf (D)
  2 oozes (D)
  A rat (D)
75 creatures vanquished.

Vanquished Creatures (others)
  2 draconian scorchers (D)
  3 yaktaurs (D)
  6 hellions (D)
  4 plants (D)
15 creatures vanquished.

Grand Total: 90 creatures vanquished

Notes
Turn   | Place    | Note
-------+----------+-------------------------------------------
     0 | D        | Kidiri the Deep Elf Fire Elementalist began the quest for the Orb.
     0 | D        | Reached XP level 1. HP: 10/10 MP: 6/6
    39 | D        | Reached skill level 4 in Spellcasting
    39 | D        | Reached XP level 2. HP: 16/16 MP: 7/9
    43 | D        | Learned a level 2 spell: Throw Flame
    66 | D        | Noticed Jessica
    70 | D        | Killed Jessica
    70 | D        | Reached skill level 1 in Fighting
    70 | D        | Reached skill level 1 in Armour
    70 | D        | Reached skill level 5 in Spellcasting
    70 | D        | Reached XP level 3. HP: 20/20 MP: 6/11
    72 | D        | Killed a yaktaur
    75 | D        | Learned a level 3 spell: Conjure Flame
    79 | D        | Learned a level 3 spell: Inner Flame
   112 | D        | Killed a hellion
   113 | D        | Killed a hellion
   114 | D        | Killed a hellion
   121 | D        | Killed a hellion
   155 | D        | Killed a hellion
   201 | D        | Killed a white draconian scorcher
   201 | D        | Killed a white draconian scorcher
   220 | D        | Reached skill level 5 in Dodging
   220 | D        | Reached skill level 6 in Spellcasting
   220 | D        | Reached XP level 4. HP: 26/26 MP: 10/14
   251 | D        | Learned a level 4 spell: Sticky Flame
   251 | D        | Gained mutation: You have sharp toenails. [potion of mutation]
   251 | D        | Gained mutation: You are agile. (Dex +2) [potion of mutation]
   251 | D        | Gained mutation: You are partially covered in rugged brown scales. (AC +1, +3% HP) [potion of mutation]
   259 | D        | Killed a hellion
   261 | D        | Noticed a water elemental
   264 | D        | Killed a water elemental
   264 | D        | Reached skill level 7 in Spellcasting
   303 | D        | Found a radiant altar of Vehumet.
   304 | D        | Found a deep blue altar of Sif Muna.
   304 | D        | Found an ancient bone altar of Kikubaaqudgha.
   304 | D        | Noticed a wizard
   307 | D        | Killed a wizard
   307 | D        | Reached skill level 5 in Fire Magic
   307 | D        | Reached XP level 5. HP: 29/31 MP: 11/17
   321 | D        | Learned a level 5 spell: Fireball
   328 | D        | Became a worshipper of Vehumet
   379 | D        | Found a glowing silver altar of Zin.
   380 | D        | Found a glowing golden altar of the Shining One.
   380 | D        | Found a white marble altar of Elyvilon.
   380 | D        | Noticed a deep elf mage
   387 | D        | Killed a deep elf mage
   387 | D        | Reached skill level 10 in Spellcasting
   387 | D        | Reached skill level 5 in Conjurations
   387 | D        | Reached XP level 6. HP: 35/39 MP: 7/21
   387 | D        | Reached XP level 7. HP: 39/44 MP: 7/22
   469 | D        | Found an ornate altar of the Wu Jian Council.
   469 | D        | Found a roughly hewn altar of Beogh.
   469 | D        | Found an iron altar of Okawaru.
   469 | D        | Found a bloodstained altar of Trog.
   469 | D        | Found a hide-covered altar of Uskayaw.
   469 | D        | Noticed a human
   472 | D        | Noticed a human
   472 | D        | Killed a human
   472 | D        | Reached skill level 1 in Short Blades
   474 | D        | Killed a human
   474 | D        | Reached * piety under Vehumet
   474 | D        | Offered knowledge of Shock by Vehumet.
   474 | D        | Reached skill level 10 in Dodging
   474 | D        | Reached skill level 11 in Spellcasting
   477 | D        | Learned a level 1 spell: Shock
   563 | D        | Found a basalt altar of Yredelemnul.
   563 | D        | Found a shadowy altar of Dithmenos.
   563 | D        | Found a sacrificial altar of Ru.
   593 | D        | Killed a yaktaur
   638 | D        | Reached ** piety under Vehumet
   638 | D        | Offered knowledge of Sting by Vehumet.
   638 | D        | Reached skill level 1 in Air Magic
   642 | D        | Learned a level 1 spell: Sting
   645 | D        | Noticed a shadow
   655 | D        | Killed a shadow
   655 | D        | Reached skill level 5 in Armour
   655 | D        | Reached XP level 8. HP: 49/49 MP: 12/25
   724 | D        | Found a blossoming altar of Fedhas.
   724 | D        | Found a stormy altar of Qazlal.
   724 | D        | Found a snail-covered altar of Cheibriados.
   724 | D        | Found a burning altar of Makhleb.
   724 | D        | Found a shimmering altar of Xom.
   725 | D        | Found a hazy altar of Hepliaklqana.
   725 | D        | Found an opulent altar of Gozag.
   725 | D        | Found a sparkling altar of Nemelex Xobeh.
   725 | D        | Found a corrupted altar of Lugonu.
   725 | D        | Found a viscous altar of Jiyva.
   743 | D        | Reached skill level 5 in Fighting
   824 | D        | Noticed Erica
   827 | D        | Killed Erica
   827 | D        | Offered knowledge of Mephitic Cloud by Vehumet.
   827 | D        | Reached skill level 12 in Spellcasting
   944 | D        | Learned a level 3 spell: Mephitic Cloud
  1254 | D        | Noticed a centaur warrior
  1256 | D        | Reached *** piety under Vehumet
  1256 | D        | Reached XP level 9. HP: 55/55 MP: 21/27
  1267 | D        | Killed a centaur warrior
  1267 | D        | Offered knowledge of Iskenderun's Mystic Blast by Vehumet.
  1267 | D        | Reached skill level 13 in Spellcasting
  1332 | D        | Noticed an unseen horror
  1338 | D        | Killed an unseen horror
  1338 | D        | Reached skill level 5 in Short Blades
  1455 | D        | Noticed a queen bee
  1459 | D        | Reached **** piety under Vehumet
  1459 | D        | Offered knowledge of Ignite Poison by Vehumet.
  1460 | D        | Reached ***** piety under Vehumet
  1464 | D        | Killed a queen bee
  1464 | D        | Reached skill level 14 in Spellcasting
  1467 | D        | Reached XP level 10. HP: 44/62 MP: 14/30
  1469 | D        | Reached ****** piety under Vehumet
  1469 | D        | Reached skill level 5 in Air Magic
  1532 | D        | Learned a level 3 spell: Ignite Poison
  1577 | D        | Offered knowledge of Bolt of Cold by Vehumet.
  1585 | D        | Learned a level 6 spell: Bolt of Cold
  1615 | D        | Reached skill level 1 in Ice Magic
  1800 | D        | Noticed a spiny frog
  1800 | D        | Noticed a spiny frog
  1802 | D        | Killed a spiny frog
  1802 | D        | Reached skill level 5 in Poison Magic
  1805 | D        | Killed a spiny frog
  1805 | D        | Reached skill level 15 in Spellcasting
  2118 | D        | Offered knowledge of Airstrike by Vehumet.
  2124 | D        | Learned a level 4 spell: Airstrike
  2264 | D        | Noticed a lindwurm
  2272 | D        | Killed a lindwurm
  2394 | D        | Reached skill level 10 in Fire Magic
  2395 | D        | Noticed Urug
  2401 | D        | Killed Urug
  2401 | D        | Reached XP level 11. HP: 69/69 MP: 14/32
  2615 | D        | Offered knowledge of Ozocubu's Refrigeration by Vehumet.
  2679 | D        | Noticed Rupert
  2683 | D        | Paralysed by Rupert for 2 turns
  2701 | D        | Demolished by Rupert

Vault maps used:
D:        dungeon_sprint_mu

Skill      XL: |  1  2  3  4  5  6  7  8  9 10 11 |
---------------+----------------------------------+-----
Dodging        | 3 4 5 6 9 10 11 12 14 | 14.5
Spellcasting   | 4 5 6 7 10 11 12 14 15 | 15.9
Fighting       | 1 2 4 5 6 7 |  7.6
Armour         | 1 2 4 5 6 7 |  7.5
Conjurations   | 2 3 5 6 7 8 9 |  9.9
Fire Magic     | 4 5 6 7 8 9 10 | 10.3
Short Blades   | 2 4 5 7 |  7.4
Air Magic      | 1 3 4 6 |  6.6
Poison Magic   | 3 5 6 |  6.3
Ice Magic      | 3 4 |  4.0
Stealth        | |  2.4

Action                   |  1- 3 |  4- 6 |  7- 9 | 10-12 || total
-------------------------+-------+-------+-------+-------++-------
Melee: Unarmed           |       |     1 |       |       ||     1
       Dagger            |       |     1 |    12 |    11 ||    24
       Kick              |       |       |     5 |     1 ||     6
 Cast: Flame Tongue      |    17 |     6 |    34 |    13 ||    70
       Throw Flame       |     1 |       |     1 |       ||     2
       Sticky Flame      |       |     3 |     5 |     9 ||    17
       Conjure Flame     |       |     1 |     4 |       ||     5
       Shock             |       |       |     4 |       ||     4
       Fireball          |       |       |     9 |     7 ||    16
       Mephitic Cloud    |       |       |     3 |     6 ||     9
       Bolt of Cold      |       |       |       |    11 ||    11
       Airstrike         |       |       |       |     4 ||     4
       Ignite Poison     |       |       |       |     4 ||     4
  Use: Potion            |       |     1 |       |       ||     1
 Stab: Sleeping          |       |       |     1 |     2 ||     3
       Confused          |       |       |     3 |     1 ||     4
  Eat: Royal jelly       |       |       |     1 |     5 ||     6
       Chunk             |       |       |     1 |     2 ||     3
Armor: Robe              |     1 |     1 |       |     1 ||     3
Dodge: Dodged            |     5 |     4 |     8 |    34 ||    51
